 Dungeon Crawl Stone Soup version 0.18-a0-1673-gaded821 (webtiles) character file.

1617452 LostInTranslocation the Petrodigitator (level 27, 178/178 HPs)
             Began as a Gargoyle Fire Elementalist on Mar 31, 2016.
             Was the Champion of Vehumet.
             Escaped with the Orb
             ... and 3 runes on Apr 1, 2016!
             The game lasted 22:21:44 (82885 turns).

LostInTranslocation the Petrodigitator (GrFE)      Turns: 82885, Time: 22:21:45

Health: 178/178    AC: 35    Str: 11    XL:     27
Magic:  31/45      EV: 21    Int: 36    God:    Vehumet [******]
Gold:   5572       SH:  8    Dex: 14    Spells: 8 memorised, 15 levels left

rFire  + + +     SeeInvis .     b - staff of fire
rCold  + + .     Gourm    .     M - +2 robe {rC+ rF+}
rNeg   + . .     Faith    .     C - +3 buckler {reflect}
rPois  ∞         Spirit   .     D - +2 hat {MR+}
rElec  +         Dismiss  .     t - +0 cloak {MR+}
rCorr  .         Reflect  +     X - +2 pair of gloves {archery}
SustAt .         Harm     .     u - +2 pair of boots
MR     +++++                    U - amulet of Unutaesiob {RegenMP rC++ MR+ Int+4 Dex+4}
Stlth  ++........               E - ring of Syzej {MP+9 Int+2}
                                W - ring of fire

@: flying, almost entirely resistant to hostile enchantments, unstealthy
A: big wings, blurry vision 1, low mp 1, negative energy resistance 1,
regeneration 1, electricity resistance, unbreathing, petrification resistance,
rot immunity, AC +20
a: Stop Flying, Renounce Religion
0: Orb of Zot
}: 3/15 runes: decaying, silver, gossamer


You escaped.
You worshipped Vehumet.
Vehumet was exalted by your worship.
You were full.

You visited 10 branches of the dungeon, and saw 51 of its levels.

You collected 8292 gold pieces.
You spent 2720 gold pieces at shops.

Inventory:

Hand Weapons
 c - the +8 scimitar of Dust {drain, rF- rC+++ Str+3 SInv}
   (You found it on level 11 of the Dungeon)

   A truly terrible weapon, it drains the life of those it strikes.
   It affects your strength (+3).
   It makes you vulnerable to fire.
   It renders you almost immune to cold.
   It lets you see invisible.
Armour
 t - a +0 cloak of magic resistance (worn)
 u - a +2 pair of boots (worn)
 C - a +3 buckler of reflection (worn)
 D - a +2 hat of magic resistance (worn)
 L - the +3 leather armour of the Eight Demons {rC+ rN+ SInv}
   (You took it off a vault sentinel on level 5 of the Vaults)

   It protects you from cold.
   It protects you from negative energy.
   It lets you see invisible.
 M - a +2 robe of resistance (worn)
 V - a +5 ring mail of fire resistance
 X - a +2 pair of gloves of archery (worn)
Magical Staves
 a - an uncursed staff of energy
 b - an uncursed staff of fire (weapon)
 d - an uncursed staff of earth
 e - an uncursed staff of conjuration
Jewellery
 E - the ring of Syzej (right hand) {MP+9 Int+2}
   (You bought it in a shop on level 1 of the Orcish Mines)

   [ring of magical power]

   It affects your intelligence (+2).
   It affects your magic capacity (+9).
 G - an uncursed ring of see invisible
 R - an uncursed ring of resist corrosion
 U - the amulet of Unutaesiob (around neck) {RegenMP rC++ MR+ Int+4 Dex+4}
   (You found it on level 3 of the Vaults)

   [amulet of magic regeneration]

   It increases your magic regeneration.
   It affects your intelligence (+4).
   It affects your dexterity (+4).
   It greatly protects you from cold.
   It affects your resistance to hostile enchantments.
 W - a ring of fire (left hand)
Wands
 g - a wand of digging (13/24)
 J - a wand of heal wounds (5/9)
 S - a wand of teleportation (6/9)
Scrolls
 f - 5 scrolls of fear
 i - a scroll of amnesia
 l - 5 scrolls of magic mapping
 r - 7 scrolls of blinking
 x - 22 scrolls of remove curse
 F - 14 scrolls of identify
 H - 11 scrolls of recharging
 I - 11 scrolls of teleportation
 N - 2 scrolls of summoning
Potions
 k - 3 potions of magic
 m - a potion of invisibility
 n - 10 potions of heal wounds
 p - 15 potions of might
 s - 29 potions of curing
 v - 6 potions of brilliance
 w - 5 potions of resistance
 K - 4 potions of cancellation
 T - 8 potions of haste
Books
 y - a book of the Earth

   Spells                             Type                      Level
   a - Leda's Liquefaction            Hexes/Earth                  4
   b - Bolt of Magma                  Conjuration/Fire/Earth       5
   c - Statue Form                    Transmutation/Earth          6
   d - Iron Shot                      Conjuration/Earth            6
   e - Shatter                        Earth                        9
Miscellaneous
 h - a sack of spiders {used: 2}
 B - a phial of floods
 O - a disc of storms
 Y - a lamp of fire
 Z - a fan of gales
Comestibles
 o - 25 meat rations
 A - 23 bread rations
 Q - 14 beef jerkies


   Skills:
 - Level 19.7 Fighting
 - Level 12.0 Staves
 - Level 9.0 Armour
 + Level 14.9 Dodging
 - Level 11.7 Stealth
 - Level 4.8 Shields
 - Level 13.0 Spellcasting
 - Level 23.0 Conjurations
 - Level 2.0 Charms
 - Level 18.7 Fire Magic
 O Level 27 Earth Magic
 - Level 14.3 Evocations


You had 15 spell levels left.
You knew the following spells:

 Your Spells              Type           Power        Failure   Level  Hunger
a - Flame Tongue          Conj/Fire      #####        0%          1    None
e - Fireball              Conj/Fire      #########.   0%          5    None
f - Lehudib's Crystal Sp  Conj/Erth      ########..   1%          8    ######.
g - Swiftness             Chrm/Air       ####....     1%          2    None
i - Apportation           Tloc           ###.......   1%          1    None
v - Iron Shot             Conj/Erth      ########..   0%          6    ###....
x - Bolt of Magma         Conj/Fire/Erth #########.   0%          5    None
y - Shatter               Erth           ########..   1%          9    #######


Dungeon Overview and Level Annotations

Branches:
Dungeon (15/15)            Temple (1/1) D:7            Lair (7/8) D:9
  Swamp (4/4) Lair:6       Spider (4/4) Lair:4        Slime (0/6) Lair:7
    Orc (2/2) D:9             Elf (3/3) Orc:2        Vaults (5/5) D:14
  Crypt (0/3) Vaults:3     Depths (5/5) D:15            Zot (5/5) Depths:5

Altars:
Ashenzari
Cheibriados
Dithmenos
Elyvilon
Fedhas
Gozag
Kikubaaqudgha
Makhleb
Nemelex Xobeh
Okawaru
Pakellas
Qazlal
Ru
Sif Muna
Trog
Vehumet
Xom
Yredelemnul
Zin
The Shining One

Shops:
D:9 !   D:12 *   D:14 (   Orc:1 =?(   Orc:2 %:([*   Elf:1 [!   Elf:2 :[
Elf:3 :   Depths:3 !

Portals:
Hell: Depths:1 Depths:2 Depths:3 Depths:4 Depths:5
Abyss: Depths:2 Depths:4
Pandemonium: Depths:3
Ziggurat: Depths:4

Annotations:
Spider:4 nightshiftgray's ghost, adept HOFi
Depths:5 5 runed doors


Innate Abilities, Weirdness & Mutations

You are resistant to torment.
Your stone body is resilient (AC +20).
You are immune to poison.
Your large and strong wings let you fly indefinitely.
You resist negative energy.
You are resistant to electric shocks.
You can survive without breathing.
You are immune to petrification.
You are immune to rotting.
Scrolls take you a little longer to read.
Your magical capacity is low (-10% MP).
Your natural rate of healing is unusually fast.


Message History

There is a stone staircase leading down here.
A giant orange brain comes into view.
Casting: Lehudib's Crystal Spear
Confirm with . or Enter, or press ? or * to list all spells.
Aiming: Lehudib's Crystal Spear
Press: ? - help, Shift-Dir - straight line, f - giant orange brain
Aim: a giant orange brain The crystal spear hits the giant orange brain.
The giant orange brain is almost dead.
Casting: Lehudib's Crystal Spear
Confirm with . or Enter, or press ? or * to list all spells.
Aiming: Iron Shot
Press: ? - help, Shift-Dir - straight line, f/p - giant orange brain
Aim: a giant orange brain (almost dead)
The iron shot hits the giant orange brain.
You kill the giant orange brain!
Vehumet accepts your kill.
There is an open door here.
There is a staircase leading out of the dungeon here.
You have escaped!

#.# #.# #.##### #...........#.
#.# #.# #.# #.###########. #.#
#.# #.# #.# #. #.# #.# #.# #.# #.
##.# #.# #.# #.# #.
##.####.####.# ### #.# #.
##...........# #.# #.# #.
#........###.###.###.# #.
.........# #.+..@..'.# #.
.........#######.####### #.
.######+##.............# ## .##
#.#####.#####.#### ..# #.#
##.#####.## #.# #.# #.........#
#.## #.########.########
#..####.#.+...........'.#
#.........######.######.#########


There were no monsters in sight!

Vanquished Creatures
  9 ancient liches (Zot:5)
  3 orbs of fire (Zot:5)
  Sojobo (Vaults:4)
  Boris (twice) (Vaults:3 Vaults:5)
  Margery (Depths:1)
  the Lernaean hydra (Swamp:4)
  3 curse toes
  3 Killer Klowns (Zot:5)
  A bone dragon (Depths:5)
  12 golden dragons
  2 profane servitors
  4 electric golems
  Arachne (Spider:4)
  Jorgrun (Swamp:3)
  A Brimstone Fiend (Depths:5)
  23 tentacled monstrosities
  6 liches
  30 Orb Guardians
  4 deep elf blademasters (Elf:3)
  2 deep elf master archers (Elf:3)
  2 quicksilver dragons (Vaults:5)
  3 titans (Vaults:5)
  9 death cobs
  Frances (Elf:1)
  Kirke (D:12)
  16 storm dragons
  4 sphinxes
  8 tengu reavers
  20 shadow dragons
  Roxanne (Spider:1)
  3 thorn hunters (Swamp:4)
  Agnes (D:15)
  3 draconian monks
  12 frost giants
  11 fire giants
  4 draconian knights
  An iron dragon (Depths:4)
  Aizul (Swamp:3)
  Louise (Elf:3)
  3 draconian zealots
  17 vault wardens
  8 deep elf sorcerers
  7 emperor scorpions
  A war gargoyle (Vaults:5)
  7 draconian scorchers
  6 ghost moths
  7 deep elf elementalists (Elf:3)
  3 draconian shifters
  A caustic shrike zombie (D:15)
  5 draconian annihilators
  2 orc warlords
  An angel (D:11)
  19 ironheart preservers
  The ghost of jestert79 the Impaler, a journeyman TeBe of Trog (Swamp:1)
  A spriggan defender (Depths:4)
  4 draconian callers
  A juggernaut skeleton (Depths:3)
  A reaper (D:10)
  13 green draconians
  15 stone giants
  4 vampire knights
  14 black draconians
  23 very ugly things
  2 salamander stormcallers
  Nessos (D:15)
  5 deep elf demonologists
  5 purple draconians
  8 deep elf annihilators
  Azrael (D:14)
  14 white draconians
  11 yellow draconians
  9 spark wasps
  A merfolk javelineer (Depths:1)
  16 mottled draconians
  3 small abominations
  12 red draconians
  An ettin (shapeshifter) (Vaults:5)
  6 deep elf death magi
  23 fire dragons
  16 ettins
  39 vault guards
  2 merfolk impalers (Depths:1)
  A green death (Depths:5)
  22 yaktaur captains
  3 jiangshi (Depths:2)
  5 deep elf high priests
  8 rakshasas
  Josephine (D:10)
  20 ogre magi
  6 great orbs of eyes
  8 entropy weavers
  17 ice dragons
  18 hydras
  4 spriggan air magi
  A hell beast (Elf:2)
  A satyr (shapeshifter) (Vaults:5)
  4 death knights
  5 centaur warriors
  8 deep troll shamans
  2 tengu warriors
  16 death yaks
  A large abomination (Vaults:4)
  10 deep troll earth magi
  19 dancing weapons
  3 vampire magi
  2 alligators (Swamp:4)
  14 hell knights
  4 orc high priests (Orc:2)
  7 spriggan berserkers
  Urug (D:12)
  19 deep elf knights
  2 storm dragon zombies (Vaults:5)
  2 shock serpents (shapeshifter)
  A titan skeleton (Vaults:2)
  3 fire crabs
  3 iron trolls
  4 unseen horrors
  41 deep trolls
  8 skeletal warriors
  4 wizards
  6 flayed ghosts
  A swamp dragon (shapeshifter) (Vaults:5)
  An unseen horror (shapeshifter) (Vaults:1)
  3 spriggan druids
  An orange crystal statue (Zot:5)
  22 deep elf archers
  2 gelid demonspawn (D:2)
  6 giant orange brains
  10 ironbrand convokers
  A lindwurm (Lair:7)
  2 shambling mangroves (Swamp:3)
  16 swamp dragons
  11 hill giants
  6 harpies
  A shadow dragon zombie (Vaults:5)
  5 phantasmal warriors
  11 necromancers
  11 orc sorcerers
  42 ugly things
  2 stone giant zombies
  A salamander (shapeshifter) (Vaults:2)
  51 deep elf magi
  11 griffons
  A shining eye (shapeshifter) (Depths:2)
  4 hornets
  50 wolf spiders
  24 orb spiders
  22 orc knights
  3 salamanders (Vaults:5)
  A fire giant zombie (D:15)
  8 cyclopes
  7 manticores (Elf:2)
  2 sixfirhies
  An iron dragon skeleton (Depths:3)
  4 elephants (Lair:4)
  23 moths of wrath
  A torpor snail (Spider:3)
  A spriggan zombie (D:15)
  A centaur zombie (D:14)
  10 black mambas
  19 vault sentinels
  A gargoyle (D:11)
  18 spiny frogs
  A storm dragon simulacrum (Vaults:3)
  A rime drake (Zot:2)
  18 demonic crawlers
  2 kobold demonologists
  A spark wasp simulacrum (Depths:3)
  4 freezing wraiths
  An efreet (D:15)
  9 komodo dragons
  53 yaktaurs
  An ice devil (Depths:4)
  A hellwing (D:5)
  2 jumping spiders (shapeshifter)
  2 tengu conjurers
  2 human skeletons
  6 trolls
  53 jumping spiders
  23 two-headed ogres
  Grinder (D:4)
  4 giant leeches
  5 boulder beetles
  12 blink frogs
  An ice dragon zombie (Vaults:1)
  8 bog bodies
  52 slime creatures
  A frost giant simulacrum (Vaults:2)
  An elf zombie (Vaults:2)
  6 air elementals
  A centaur simulacrum (D:14)
  13 spriggans
  11 wraiths
  106 redbacks
  3 shadows
  A yak (shapeshifter) (Vaults:1)
  8 water elementals
  40 tarantellas
  Eustachio (D:5)
  31 yaks
  An ice dragon skeleton (D:15)
  3 wyverns
  6 fire elementals
  4 hogs (D:12)
  10 hippogriffs
  A human (shapeshifter) (Elf:3)
  2 steam dragons
  2 basilisks
  28 vampire mosquitoes
  3 hungry ghosts
  The ghost of nightshiftgray the Conjurer, an amateur DrCj (D:4)
  10 wargs
  A warg (shapeshifter) (Vaults:5)
  5 mottled dragons
  Edmund (D:6)
  34 swamp worms
  5 hell hounds
  Duvessa (D:3)
  6 water moccasins
  14 swamp drakes
  A swamp drake (shapeshifter) (Depths:2)
  3 black bears
  43 orc warriors
  12 porcupines
  A sky beast (shapeshifter) (Vaults:2)
  6 ice beasts
  22 wasps
  6 sky beasts
  4 phantoms
  An eye of draining (D:13)
  A tengu (shapeshifter) (Depths:1)
  69 ogres
  7 boggarts
  24 centaurs
  15 wolves
  An orc skeleton (Vaults:1)
  A crocodile (shapeshifter) (Vaults:5)
  14 crocodiles
  4 big kobolds (D:9)
  A human zombie (Vaults:1)
  3 gnoll sergeants
  18 giant frogs
  A giant frog (shapeshifter) (D:15)
  A wyvern zombie (D:15)
  An earth elemental (Elf:3)
  Dowan (D:3)
  39 scorpions
  3 killer bees (D:14)
  An elf simulacrum (Vaults:5)
  4 wights (D:9)
  An electric eel (D:12)
  A howler monkey (D:10)
  9 crimson imps
  2 human simulacra
  18 jellies
  A quasit (D:6)
  12 hounds
  An iron imp (Depths:3)
  2 giant frog zombies
  17 orc priests
  7 centaur skeletons
  2 giant frog skeletons
  A gnoll shaman (D:8)
  24 orc wizards
  14 iguanas
  A lightning spire (Zot:4)
  12 worker ants
  25 sheep
  A hound zombie (D:7)
  A howler monkey zombie (D:9)
  2 worker ant zombies
  14 gnolls
  58 river rats
  19 adders
  6 shadow imps
  12 white imps (Lair:1)
  2 oozes
  An adder zombie (D:5)
  4 worms
  A dart slug (D:4)
  7 giant geckos
  113 orcs
  8 giant cockroaches
  4 goblins
  5 hobgoblins
  13 jackals
  8 kobolds
  A quokka (D:6)
  2 ball pythons
  6 bats
  4 giant newts
  A goblin skeleton (D:8)
  A goblin zombie (D:8)
  3 hobgoblin zombies (D:8)
  3 kobold skeletons (D:8)
  A quokka skeleton (D:4)
  12 rats
  2 briar patches (Swamp:4)
  5 bushes
  8 crawling corpses (Vaults:5)
  6 fungi
  2 plants
2691 creatures vanquished.

Vanquished Creatures (collateral kills)
  A vault guard (Vaults:4)
  2 wraiths (D:10)
  A giant frog (Lair:7)
  2 jellies (Lair:7)
  A river rat (Lair:7)
  An orc (Vaults:4)
8 creatures vanquished.

Vanquished Creatures (others)
  A stone giant (Depths:5)
  2 yaktaur captains
  A deep elf knight (Elf:1)
  A cyclops (D:15)
  6 yaktaurs
  A tarantella (Spider:3)
  A swamp worm (Swamp:3)
  An orc warrior (Vaults:4)
  A bat (D:1)
  2 briar patches (Swamp:4)
  2 bushes (D:14)
  9 fungi
  4 plants (Lair:7)
32 creatures vanquished.

Grand Total: 2731 creatures vanquished

Notes
Turn   | Place    | Note
--------------------------------------------------------------
     0 | D:1      | LostInTranslocation the Gargoyle Fire Elementalist began the quest for the Orb.
     0 | D:1      | Reached XP level 1. HP: 10/10 MP: 3/3
   354 | D:1      | Reached XP level 2. HP: 15/15 MP: 1/5
   358 | D:1      | Learned a level 2 spell: Throw Flame
   591 | D:1      | Found a sparkling altar of Nemelex Xobeh.
   749 | D:2      | Found a faded altar to an unknown god.
   936 | D:2      | Found an iron altar of Okawaru.
   988 | D:2      | Reached XP level 3. HP: 19/19 MP: 2/6
  1168 | D:2      | Found a sparkling altar of Nemelex Xobeh.
  1186 | D:2      | Reached XP level 4. HP: 24/24 MP: 0/7
  1968 | D:3      | Learned a level 3 spell: Conjure Flame
  2025 | D:3      | Reached XP level 5. HP: 24/28 MP: 4/8
  2063 | D:3      | Found a deep blue altar of Sif Muna.
  2984 | D:3      | Reached skill level 5 in Fire Magic
  3043 | D:3      | Reached XP level 6. HP: 32/32 MP: 4/9
  3143 | D:4      | Noticed nightshiftgray's ghost (amateur DrCj)
  3235 | D:3      | Reached skill level 1 in Fighting
  3551 | D:4      | Noticed Dowan
  3552 | D:4      | Noticed Duvessa
  4155 | D:5      | Entered Level 5 of the Dungeon
  4171 | D:3      | Killed Duvessa
  4171 | D:3      | Reached skill level 5 in Conjurations
  4171 | D:3      | Reached XP level 7. HP: 32/40 MP: 3/10
  4196 | D:3      | Killed Dowan
  4416 | D:4      | Got a crystal hand crossbow
  4442 | D:4      | Identified the +7 hand crossbow of the Solstice {venom, SInv} (You found it on level 4 of the Dungeon)
  4467 | D:4      | Killed nightshiftgray's ghost
  4720 | D:4      | Noticed Grinder
  4728 | D:4      | Killed Grinder
  4728 | D:4      | Reached XP level 8. HP: 46/46 MP: 0/13
  5835 | D:5      | Noticed Eustachio
  5857 | D:5      | Killed Eustachio
  5857 | D:5      | Reached skill level 5 in Spellcasting
  6012 | D:5      | Learned a level 4 spell: Sticky Flame
  6132 | D:5      | Reached XP level 9. HP: 47/51 MP: 7/16
  6448 | D:6      | Reached skill level 1 in Shields
  6567 | D:6      | Found a sacrificial altar of Ru.
  6701 | D:6      | Found an iron altar of Okawaru.
  7018 | D:6      | Noticed Edmund
  7093 | D:6      | Killed Edmund
  7216 | D:6      | Found a stormy altar of Qazlal.
  7217 | D:6      | Found a shadowy altar of Dithmenos.
  7217 | D:6      | Found an oddly glowing altar of Pakellas.
  7217 | D:6      | Found a basalt altar of Yredelemnul.
  7220 | D:6      | Found a glowing silver altar of Zin.
  7355 | D:6      | Found a bloodstained altar of Trog.
  7591 | D:7      | Found a staircase to the Ecumenical Temple.
  7598 | Temple   | Entered the Ecumenical Temple
  7788 | D:7      | Found a burning altar of Makhleb.
  8112 | D:7      | Learned a level 5 spell: Fireball
  8445 | D:7      | Reached XP level 10. HP: 47/56 MP: 17/17
  8767 | D:7      | Found a radiant altar of Vehumet.
  8777 | D:7      | Became a worshipper of Vehumet
  8785 | D:7      | Found an ancient bone altar of Kikubaaqudgha.
  8808 | D:7      | Identified Kikubaaqudgha's Guide on Sinister Rituals
  8814 | D:7      | Found a deep blue altar of Sif Muna.
  9138 | D:8      | Found a glowing golden altar of the Shining One.
  9977 | D:9      | Reached skill level 5 in Fighting
 10316 | D:9      | Found a staircase to the Orcish Mines.
 10845 | D:9      | Reached * piety under Vehumet
 10845 | D:9      | Offered knowledge of Freeze by Vehumet.
 10942 | D:9      | Reached skill level 10 in Fire Magic
 11290 | D:9      | Found a staircase to the Lair.
 11457 | D:9      | Reached XP level 11. HP: 64/64 MP: 13/18
 11533 | D:9      | Found Uwoehosyant's Distillery.
 11591 | D:9      | Offered knowledge of Magic Dart by Vehumet.
 11725 | D:9      | Reached ** piety under Vehumet
 11766 | D:10     | Entered Level 10 of the Dungeon
 11876 | D:10     | Noticed Josephine
 11896 | D:10     | Killed Josephine
 11896 | D:10     | Reached skill level 1 in Evocations
 11918 | D:10     | Noticed a hill giant
 12130 | Lair:1   | Entered Level 1 of the Lair of Beasts
 12767 | Lair:1   | Found a frozen archway.
 12791 | Lair:1   | Offered knowledge of Stone Arrow by Vehumet.
 12829 | Lair:1   | Learned a level 3 spell: Stone Arrow
 12957 | Lair:1   | Reached *** piety under Vehumet
 13451 | Lair:1   | Offered knowledge of Ignite Poison by Vehumet.
 13800 | Lair:2   | Reached skill level 5 in Evocations
 13940 | Lair:2   | Reached XP level 12. HP: 57/68 MP: 9/24
 14130 | Lair:2   | Learned a level 1 spell: Apportation
 14255 | Lair:2   | Reached **** piety under Vehumet
 14257 | Lair:2   | Offered knowledge of Olgreb's Toxic Radiance by Vehumet.
 15006 | Lair:3   | Noticed a five-headed hydra
 15302 | Lair:3   | Noticed a death yak
 15302 | Lair:3   | Noticed a death yak
 15302 | Lair:3   | Noticed a death yak
 15302 | Lair:3   | Noticed a death yak
 15449 | Orc:1    | Entered Level 1 of the Orcish Mines
 15622 | Orc:2    | Entered Level 2 of the Orcish Mines
 15640 | Orc:2    | Noticed an orc high priest
 15641 | Orc:2    | Noticed an orc high priest
 16401 | Orc:2    | Killed an orc high priest
 16644 | Orc:2    | Killed an orc high priest
 16680 | Orc:2    | Paralysed by an orc sorcerer for 7 turns
 16903 | Orc:2    | Noticed an orc high priest
 16904 | Orc:2    | Killed an orc high priest
 16959 | Orc:2    | Noticed a sun demon
 17598 | Orc:2    | Paralysed by an orc sorcerer for 7 turns
 17736 | Orc:2    | Found a radiant altar of Vehumet.
 17743 | Orc:1    | Found Edynnal's Jewellery Boutique.
 17821 | Orc:2    | Reached XP level 13. HP: 78/78 MP: 6/25
 17950 | Orc:2    | Noticed an orc warlord
 17954 | Orc:2    | Killed an orc warlord
 17954 | Orc:2    | Reached skill level 10 in Evocations
 18040 | Orc:2    | Found Xeki's General Store.
 18052 | Orc:2    | Found Hoebb's Antique Armour Emporium.
 18084 | Orc:1    | Bought the ring of Syzej {MP+9 Int+2} for 343 gold pieces
 18382 | Orc:2    | Bought a runed cloak for 81 gold pieces
 18382 | Orc:2    | Bought a pair of glowing boots for 81 gold pieces
 18674 | Orc:2    | Reached ***** piety under Vehumet
 18736 | Orc:2    | Found Haluhefo's Book Shop.
 18765 | Orc:2    | Found Weifyrol's Antique Weapon Boutique.
 18856 | Orc:2    | Found a staircase to the Elven Halls.
 18871 | Orc:2    | Bought a book of the Earth for 780 gold pieces
 18878 | Orc:2    | Learned a level 5 spell: Bolt of Magma
 18886 | Orc:2    | Found Vagh's Food Boutique.
 19114 | Orc:1    | Found Cutowih's Magic Scroll Boutique.
 19114 | Orc:1    | Found Ofiar's Antique Weapon Shop.
 19114 | Orc:1    | Noticed an ogre mage
 19347 | Orc:1    | Killed an ogre mage
 19347 | Orc:1    | Reached skill level 1 in Earth Magic
 19543 | D:9      | Offered knowledge of Iskenderun's Mystic Blast by Vehumet.
 19550 | D:9      | Learned a level 4 spell: Iskenderun's Mystic Blast
 19587 | D:10     | Reached skill level 10 in Conjurations
 20067 | D:10     | Reached skill level 2 in Earth Magic
 20402 | D:11     | Got a steaming scimitar
 20403 | D:11     | Identified the +8 scimitar of Dust {drain, rF- rC+++ Str+3 SInv} (You found it on level 11 of the Dungeon)
 20524 | D:11     | Reached skill level 3 in Earth Magic
 21044 | D:11     | Reached skill level 4 in Earth Magic
 21739 | D:12     | Noticed Kirke
 21741 | D:12     | Killed Kirke
 21741 | D:12     | Reached skill level 5 in Earth Magic
 22142 | D:12     | Reached skill level 6 in Earth Magic
 22235 | D:12     | Noticed Urug
 22239 | D:12     | Killed Urug
 22247 | D:12     | Found Qinun's General Store.
 22567 | D:12     | Gained mutation: Your large and strong wings let you fly indefinitely. [Gargoyle growth]
 22567 | D:12     | Reached XP level 14. HP: 84/84 MP: 26/26
 22630 | D:10     | Reached skill level 7 in Earth Magic
 23474 | D:12     | Reached skill level 8 in Earth Magic
 23865 | D:13     | Offered knowledge of Airstrike by Vehumet.
 24502 | D:14     | Noticed Azrael
 24658 | D:13     | Reached skill level 10 in Spellcasting
 25204 | D:14     | Offered knowledge of Bolt of Draining by Vehumet.
 25680 | D:14     | Killed Azrael
 25980 | D:14     | Found Xunwoff's Antique Weapon Emporium.
 26264 | D:14     | Found a gate to the Vaults.
 26561 | D:15     | Entered Level 15 of the Dungeon
 26563 | D:15     | Reached XP level 15. HP: 88/88 MP: 29/29
 26831 | D:14     | Learned a level 6 spell: Iron Shot
 27093 | D:15     | Noticed Nessos
 27100 | D:15     | Noticed Agnes
 27586 | Lair:3   | Reached skill level 15 in Conjurations
 28790 | Lair:4   | Found a hole to the Spider Nest.
 29732 | Lair:5   | Reached skill level 5 in Dodging
 30015 | Lair:5   | Gained mutation: Your natural rate of healing is unusually fast. [potion of beneficial mutation]
 30048 | Lair:5   | Reached skill level 1 in Staves
 30870 | Lair:6   | Found a staircase to the Swamp.
 31858 | Lair:7   | Reached ****** piety under Vehumet
 32149 | Lair:7   | Offered knowledge of Venom Bolt by Vehumet.
 32270 | Lair:7   | Reached XP level 16. HP: 93/93 MP: 24/30
 32387 | Lair:7   | Found a staircase to the Slime Pits.
 33081 | Spider:1 | Entered Level 1 of the Spider Nest
 33083 | Spider:1 | Noticed Roxanne
 33087 | Spider:1 | Reached skill level 5 in Staves
 33544 | Spider:1 | Killed Roxanne
 33549 | Spider:1 | Identified Roxanne's Papyrus of Transmutation (You took it off Roxanne on level 1 of the Spider Nest)
 34539 | Spider:2 | Reached skill level 1 in Armour
 34698 | Spider:2 | Offered knowledge of Ozocubu's Refrigeration by Vehumet.
 35383 | Spider:2 | Reached skill level 9 in Earth Magic
 35814 | Spider:2 | Offered knowledge of Orb of Destruction by Vehumet.
 36068 | Spider:2 | Reached XP level 17. HP: 71/101 MP: 29/31
 36420 | Spider:2 | Learned a level 7 spell: Orb of Destruction
 36457 | Spider:2 | Got an ichor-stained leather armour
 36472 | Spider:2 | Identified the +3 leather armour "Kivoax" {-Tele Str+3 Int-4 Dex+7} (You found it on level 2 of the Spider Nest)
 36705 | Swamp:1  | Entered Level 1 of the Swamp
 36742 | Swamp:1  | Noticed jestert79's ghost (journeyman TeBe)
 36749 | Swamp:1  | Killed jestert79's ghost
 37944 | Swamp:2  | Offered knowledge of Bolt of Cold by Vehumet.
 38695 | Swamp:3  | Noticed Jorgrun
 38769 | Swamp:3  | Killed Jorgrun
 38809 | Swamp:3  | Noticed Aizul
 38866 | Swamp:3  | Reached skill level 10 in Earth Magic
 38878 | Swamp:3  | Killed Aizul
 39283 | Swamp:4  | Entered Level 4 of the Swamp
 39599 | Swamp:4  | Reached skill level 11 in Earth Magic
 39758 | Swamp:4  | Offered knowledge of Lehudib's Crystal Spear by Vehumet.
 39758 | Swamp:4  | Offered knowledge of Glaciate by Vehumet.
 39758 | Swamp:4  | Offered knowledge of Tornado by Vehumet.
 39935 | Swamp:4  | Reached skill level 12 in Earth Magic
 40187 | Swamp:4  | Noticed the 27-headed Lernaean hydra
 40413 | Spider:2 | Reached skill level 13 in Earth Magic
 40512 | Spider:3 | Reached XP level 18. HP: 107/107 MP: 34/35
 40937 | Spider:3 | Reached skill level 14 in Earth Magic
 41589 | Spider:4 | Entered Level 4 of the Spider Nest
 41693 | Spider:4 | Reached skill level 5 in Armour
 41822 | Spider:4 | Reached skill level 10 in Fighting
 41914 | Spider:4 | Noticed nightshiftgray's ghost (adept HOFi)
 42269 | Spider:4 | Noticed Arachne
 44892 | Spider:4 | Killed Arachne
 44992 | Spider:4 | Got a gossamer rune of Zot
 45660 | D:15     | Killed Agnes
 45660 | D:15     | Reached XP level 19. HP: 113/113 MP: 34/36
 45858 | D:15     | Killed Nessos
 45901 | D:15     | Found a staircase to the Depths.
 46678 | D:15     | Found a basalt altar of Yredelemnul.
 46860 | Vaults:1 | Entered Level 1 of the Vaults
 47653 | Vaults:1 | Reached skill level 15 in Fire Magic
 48211 | Vaults:1 | Reached skill level 5 in Stealth
 48488 | Vaults:1 | Upgraded the game from 0.18-a0-1669-g6846071 to 0.18-a0-1673-gaded821
 48592 | Vaults:1 | Reached skill level 15 in Earth Magic
 48641 | Vaults:1 | Paralysed by something for 4 turns
 48651 | Vaults:1 | Paralysed by something for 4 turns
 50644 | Vaults:2 | Reached XP level 20. HP: 119/119 MP: 32/37
 50649 | Vaults:2 | Reached skill level 16 in Earth Magic
 51584 | Vaults:2 | Reached skill level 10 in Stealth
 51892 | Vaults:3 | Found a staircase to the Crypt.
 51892 | Vaults:3 | Found a basalt altar of Yredelemnul.
 51893 | Vaults:3 | Found an ancient bone altar of Kikubaaqudgha.
 51956 | Vaults:3 | Noticed Boris
 51968 | Vaults:3 | Killed Boris
 51968 | Vaults:3 | Reached skill level 17 in Earth Magic
 53159 | Vaults:3 | Got a clouded brass amulet
 53408 | Vaults:4 | Reached skill level 18 in Earth Magic
 53464 | Vaults:4 | Reached XP level 21. HP: 123/123 MP: 20/38
 53478 | Vaults:4 | Identified the amulet of Unutaesiob {RegenMP rC++ MR+ Int+4 Dex+4} (You found it on level 3 of the Vaults)
 53538 | Vaults:4 | Learned a level 8 spell: Lehudib's Crystal Spear
 53714 | Vaults:4 | Noticed Sojobo
 54545 | Vaults:3 | HP: 3/124 [orc knight/great mace (33)]
 54767 | Vaults:4 | Killed Sojobo
 54767 | Vaults:4 | Reached skill level 10 in Staves
 55810 | D:13     | Learned a level 2 spell: Swiftness
 55970 | Orc:1    | Bought a scroll of amnesia for 38 gold pieces
 55970 | Orc:1    | Bought a scroll of amnesia for 38 gold pieces
 55970 | Orc:1    | Bought a scroll of acquirement for 572 gold pieces
 55970 | Orc:1    | Bought a scroll of enchant armour for 82 gold pieces
 56130 | D:12     | Bought a scroll of enchant armour for 105 gold pieces
 56164 | D:12     | Learned a level 9 spell: Shatter
 56369 | Elf:1    | Entered Level 1 of the Elven Halls
 56392 | Elf:1    | Reached skill level 1 in Charms
 56755 | Elf:1    | Found Cilioth's Distillery.
 56765 | Elf:1    | Bought a potion of haste for 110 gold pieces
 56775 | Elf:1    | Reached skill level 19 in Earth Magic
 57123 | Elf:1    | Found Git Ruru's Antique Armour Boutique.
 57127 | Elf:1    | Bought an encrusted chain mail for 342 gold pieces
 57127 | Elf:1    | Identified the +4 chain mail "Cum Ota" {+Blink MR+ Regen+} (You bought it in a shop on level 1 of the Elven Halls)
 57226 | Elf:1    | Found a shimmering altar of Xom.
 57328 | Elf:1    | Noticed Frances
 57333 | Elf:1    | Killed Frances
 57506 | Elf:1    | Reached XP level 22. HP: 133/133 MP: 17/39
 57776 | Elf:2    | Found Ukutir's Antique Armour Shoppe.
 57800 | Elf:2    | Bought a crude robe for 148 gold pieces
 57800 | Elf:2    | Identified the cursed +1 robe "Wunkipsu" {rElec Str+4 Dex+2 Stlth+} (You bought it in a shop on level 2 of the Elven Halls)
 58116 | Elf:2    | Found a runed gate.
 58117 | Elf:2    | Found a runed gate.
 58118 | Elf:2    | Found a runed gate.
 58245 | Elf:2    | Found Vituig's Book Emporium.
 59115 | Elf:3    | Entered Level 3 of the Elven Halls
 59368 | Elf:3    | Found Hifudomnue's Book Emporium.
 59408 | Elf:3    | Noticed Louise
 59414 | Elf:3    | Killed Louise
 59414 | Elf:3    | Reached skill level 20 in Earth Magic
 60015 | Elf:3    | Reached skill level 21 in Earth Magic
 60379 | Elf:3    | Reached XP level 23. HP: 138/138 MP: 40/40
 60438 | Elf:3    | Got a transparent dagger
 60448 | Elf:3    | Got a steaming scimitar
 60449 | Elf:3    | Identified a -1 rod of shadows (5/14) (You took it off a deep elf death mage on level 3 of the Elven Halls)
 60451 | Elf:3    | Identified the +10 dagger "Simpask" {pain, Str+4} (You found it on level 3 of the Elven Halls)
 60452 | Elf:3    | Identified the +4 scimitar of Gloom {vamp, rF+ rN+ MR- Dex+3} (You found it on level 3 of the Elven Halls)
 60526 | Elf:3    | Got an ancient ring mail
 60544 | Elf:3    | Identified the +1 ring mail of the Game of Life {rF+} (You found it on level 3 of the Elven Halls)
 60581 | Elf:3    | Got an ichor-stained broad axe
 60582 | Elf:3    | Identified the +4 broad axe "Galiecow" {flame, MR+ Str+4} (You found it on level 3 of the Elven Halls)
 60618 | Elf:3    | Identified the Compendium of Creation and Air
 61609 | Swamp:4  | Killed the 27-headed Lernaean hydra
 61759 | Swamp:4  | Got a decaying rune of Zot
 62292 | Depths:1 | Entered Level 1 of the Depths
 62718 | Depths:1 | Found a shimmering altar of Xom.
 63159 | Depths:1 | Found a gateway to Hell.
 63159 | Depths:1 | Noticed Margery
 63167 | Depths:1 | Killed Margery
 63377 | Depths:2 | Found a one-way gate to the infinite horrors of the Abyss.
 65302 | Depths:2 | Reached XP level 24. HP: 140/144 MP: 5/40
 65494 | Depths:3 | Reached skill level 22 in Earth Magic
 65658 | Depths:3 | Found Roril's Distillery.
 65788 | Depths:3 | Found a one-way gate leading to the halls of Pandemonium.
 66455 | Depths:4 | Reached skill level 23 in Earth Magic
 67409 | Depths:4 | Reached skill level 10 in Dodging
 67540 | Depths:4 | Found a gateway to a ziggurat.
 68000 | Depths:5 | Entered Level 5 of the Depths
 68132 | Depths:5 | Reached XP level 25. HP: 148/148 MP: 20/40
 68992 | Depths:5 | Found a runed door.
 69078 | Depths:5 | Found a runed door.
 69101 | Depths:5 | Found a runed door.
 69101 | Depths:5 | Found a runed door.
 69124 | Depths:5 | Found a runed door.
 69124 | Depths:5 | Found a runed door.
 69136 | Depths:5 | Found a gate to the Realm of Zot.
 69824 | Vaults:5 | Entered Level 5 of the Vaults
 70631 | Vaults:5 | Reached XP level 26. HP: 96/154 MP: 40/40
 71132 | Vaults:5 | Reached skill level 24 in Earth Magic
 71700 | Vaults:5 | Reached skill level 25 in Earth Magic
 71707 | Vaults:5 | Noticed Boris
 71779 | Vaults:5 | Killed Boris
 71874 | Vaults:5 | Got a translucent demon trident
 71875 | Vaults:5 | Identified the +3 demon trident of Wedousm {flame, *Drain *Confuse rPois Int+9} (You found it on level 5 of the Vaults)
 72194 | Vaults:5 | Got a fine golden ring
 72221 | Vaults:5 | Identified a +7 rod of shadows (14/14) (You found it on level 5 of the Vaults)
 72222 | Vaults:5 | Identified the ring of Ugiphico {EV+1 Str+4} (You found it on level 5 of the Vaults)
 72648 | Vaults:5 | Got a silver rune of Zot
 72680 | Vaults:5 | Got a bloodstained blowgun
 72681 | Vaults:5 | Identified the cursed +0 blowgun of Invincibility {speed, rC+ rN+ Int+2} (You found it on level 5 of the Vaults)
 73169 | Vaults:5 | Got a dazzling leather armour
 73180 | Vaults:5 | Identified the +3 leather armour of the Eight Demons {rC+ rN+ SInv} (You took it off a vault sentinel on level 5 of the Vaults)
 73656 | Zot:1    | Entered Level 1 of the Realm of Zot
 73870 | Zot:1    | Reached skill level 26 in Earth Magic
 74252 | Zot:1    | Reached XP level 27. HP: 157/158 MP: 34/40
 74699 | Zot:2    | Reached skill level 27 in Earth Magic
 75464 | Zot:2    | Got a polished hat
 75475 | Zot:2    | Identified the +1 hat "Nexonlepe" {+Blink Str+3 Int-5} (You acquired it on level 2 of the Realm of Zot)
 75640 | Zot:2    | Identified the Incunabulum of the Boosting Glacier
 76495 | Zot:3    | Got a transparent scale mail
 76498 | Zot:3    | Identified the +5 scale mail of Slovenliness {Int+4} (You found it on level 3 of the Realm of Zot)
 78825 | Zot:5    | Entered Level 5 of the Realm of Zot
 79481 | Zot:5    | Noticed an ancient lich
 79488 | Zot:5    | Killed an ancient lich
 79583 | Zot:5    | Noticed an ancient lich
 79591 | Zot:5    | Killed an ancient lich
 79643 | Zot:5    | Noticed an ancient lich
 79651 | Zot:5    | Killed an ancient lich
 79651 | Zot:5    | Reached skill level 15 in Fighting
 79723 | Zot:5    | Noticed an ancient lich
 79727 | Zot:5    | Killed an ancient lich
 80159 | Zot:5    | Noticed an orb of fire
 80228 | Zot:5    | Gained mutation: Your magical capacity is low (-10% MP). [an orb of fire]
 80229 | Zot:5    | Killed an orb of fire
 80384 | Zot:5    | Noticed an orb of fire
 80389 | Zot:5    | Killed an orb of fire
 80814 | Zot:5    | Noticed an ancient lich
 80820 | Zot:5    | Killed an ancient lich
 80876 | Zot:5    | Noticed an ancient lich
 80879 | Zot:5    | Killed an ancient lich
 80954 | Zot:5    | Noticed an orb of fire
 80957 | Zot:5    | Gained mutation: Scrolls take you a little longer to read. [an orb of fire]
 80958 | Zot:5    | Killed an orb of fire
 81271 | Zot:5    | Noticed an ancient lich
 81275 | Zot:5    | Killed an ancient lich
 81473 | Zot:5    | Noticed an ancient lich
 81476 | Zot:5    | Killed an ancient lich
 81887 | Zot:5    | Noticed an ancient lich
 81891 | Zot:5    | Killed an ancient lich
 82161 | Zot:5    | Got the Orb of Zot
 82176 | Zot:5    | Noticed Aschelofy the pandemonium lord
 82245 | Zot:4    | Noticed Xiffayh the pandemonium lord
 82885 | D:$      | Escaped with the Orb!

Vault maps used:
D:1:      shiori_shiawase, nemelex_altar_shiori
D:2:      old_standard_altar, nicolae_overflow_crystal_walls,
          ecumenical_altar_2, hangedman_decor_points, kennysheep_small_spiral,
          kennysheep_generic_room_2
D:3:      nrook_mini_vaults, minmay_misc_feat_chi, led_sif_pool
D:4:      serial_bayou_pond_d, st_stairs_5, uniq_duvessa, uniq_grinder
D:5:      first_bread, uniq_eustachio
D:6:      nicolae_ru_great_annihilating_truth, minitemple, trog_ov_bears_minmay,
          st_stairs_8, kennysheep_okawaru_gauntlet, uniq_edmund
D:7:      palyth_temple_overflow_mages, bloody_makhleb,
          minmay_temple_entry_statues_fountains, grunt_ogre_cave,
          grunt_ministairs_11
D:8:      nicolae_tso_besieged_by_evil, hangedman_decor_slide_cut
D:9:      dpeg_lair_monsters, kennysheep_orc_monster_closet_entryway,
          serial_shops, nicolae_shop_stone
D:10:     uniq_josephine
D:11:     lab_entry_generic
D:12:     serial_shops, shop, minmay_bad_closet, kb_lookout_dungeons_type,
          lightli_minifort, uniq_kirke, uniq_urug
D:13:     item_on_display_a
D:14:     erik_vaults_2, serial_park_square2, serial_shops, shop, uniq_azrael
D:15:     gammafunk_depths_entry_grave, minmay_misc_feat_square,
          yredelemnul_altar_generic, uniq_nessos, uniq_agnes
Temple:   circular_temple_6
Lair:1:   portal_ice_cave_entry_imps, small_statue_intersection, minivault_26
Lair:2:   lemuel_fruit_tree, grunt_megastairs_4, serial_bayou_shore_b
Lair:4:   spider_nest_entry_a, minivault_11, serial_bayou_shore_b
Lair:6:   swamp_mist_pool, serial_bayou_shore_b
Lair:7:   minmay_slime_entry_jelly_boxes
Swamp:1:  evilmike_swamp_ruin_house_1, swamp_pool3,
          nicolae_swamp_feature_on_the_river_bank, infiniplex_staircase_pool_2
Swamp:2:  evilmike_swamp_ruin_wall, swamp_pool1,
          nicolae_swamp_very_dense_foliage, infiniplex_staircase_pool
Swamp:3:  evilmike_swamp_ruin_rubble_2, uniq_jorgrun, uniq_aizul
Swamp:4:  swamp_old_school, swamp_pool5, hangedman_swamp_cone,
          hangedman_swamp_blocks
Spider:1: uniq_roxanne
Spider:2: spiders_nest_a
Spider:3: spiders_nest_scorpion_pit
Spider:4: grunt_spider_rune_parallel, uniq_arachne
Orc:1:    serial_shops, shop, shop, shop, minmay_orc_keep
Orc:2:    grunt_orc_gardens, grunt_orc_garden, grunt_orc_garden,
          grunt_orc_garden, grunt_orc_garden, serial_shops,
          nicolae_shop_scaring_up_business, basic_altar, nicolae_orc_bridge_out
Elf:1:    elf_arrival_001, serial_shops, shop, shop, special_room, basic_altar,
          evilmike_minifort, uniq_frances
Elf:2:    special_room, serial_shops, shop, shop
Elf:3:    minmay_elf_hall_quartered_circle, serial_shops, shop,
          guppyfry_elf_garden, uniq_louise
Vaults:1: v_rooms_1, v_alt_pattern_4, v_misc_12, nicolae_vaults_shelves_hall,
          v_misc_24, nicolae_vaults_mini_display_case, v_misc_18, v_pattern_1,
          v_misc_11, ontoclasm_vaults_twist, ontoclasm_vaults_decontamination
Vaults:2: vaults_room_door_hall, hangedman_vaults_stitches, vaults_room_boxed,
          hangedman_vaults_maws, vaults_mumra_minichess,
          nicolae_vaults_what_the_h, vaults_dpeg_cross,
          ontoclasm_vaults_ligature, grunt_vaults_diagonal,
          nicolae_vaults_rhombus_7, v_misc_17, v_alt_pattern_3
Vaults:3: nicolae_vaults_minivaults, minmay_crypt_entry_necro_gods,
          ontoclasm_vaults_chip, v_misc_25, ontoclasm_vaults_fault,
          hangedman_vaults_cutoff, uniq_boris
Vaults:4: hangedman_vaults_snaps, nicolae_vaults_stairing_the_circle,
          vaults_standard_mumra_enter_the_diamond, nicolae_vaults_puzzle_piece,
          ontoclasm_vaults_misaligned, hangedman_vaults_locks,
          nicolae_vaults_c_with_doors, v_misc_24, nicolae_vaults_triangles,
          vaults_room_door_ring, nicolae_vaults_little_squares_4,
          hangedman_vaults_stretched_pinwheel, grunt_vaults_focal,
          vaults_room_pool, uniq_sojobo
Vaults:5: serial_shops, uniq_boris
Depths:1: serial_bayou_shore_b, grunt_metal_band, tgw_xom
Depths:2: grunt_twist_and_shout, infiniplex_staircase_door_maze, hell_entry,
          abyss_entry_crystal, hangedman_decor_riveting
Depths:3: minmay_curly_fans, grunt_pan_entry_spiral, serial_shops,
          nicolae_shop_statue_plus, kennysheep_crisscross, hell_entry,
          infiniplex_staircase_squiggle
Depths:4: evilmike_horseshoe, enter_ziggurat_a,
          nicolae_abyss_entry_one_way_or_another, hell_entry,
          minmay_tree_intersection, minmay_staircase_windowed_small,
          serial_bayou_shore_b
Depths:5: evilmike_zot_entry_castle, minmay_misc_feat_x, hangedman_geh_valley
Zot:2:    st_stairs_10, st_small_dragon_hoard_2, st_large_dragon_hoard_3
Zot:3:    bh_zot_ikea_curve, st_small_dragon_hoard_3
Zot:4:    amethyst_zot_foddershock

Skill      XL: |  1  2  3  4  5  6  7  8  9 10 11 12 13 14 15 16 17 18 19 20 21 22 23 24 25 26 27 |
---------------+----------------------------------------------------------------------------------+-----
Conjurations   | 2 3 4 5 6 9 12 14 16 17 20 23 | 23.0
Fire Magic     | 4 5 7 10 11 13 15 18 | 18.7
Fighting       | 2 3 5 8 9 10 12 19 | 19.7
Spellcasting   | 3 5 8 10 13 | 13.0
Dodging        | 3 4 6 7 8 11 12 14 | 14.9
Shields        | 4 |  4.8
Evocations     | 5 9 10 14 | 14.3
Stealth        | 3 8 11 | 11.7
Earth Magic    | 6 8 9 13 14 15 18 19 21 23 26 27 | 27.0
Staves         | 4 6 7 10 12 | 12.0
Armour         | 3 6 7 9 |  9.0
Charms         | 2 |  2.0

Action                   |  1- 3 |  4- 6 |  7- 9 | 10-12 | 13-15 | 16-18 | 19-21 | 22-24 | 25-27 || total
-------------------------+-------+-------+-------+-------+-------+-------+-------+-------+-------++-------
Melee: Unarmed           |     6 |       |       |       |       |       |       |       |       ||     6
       Spear             |    17 |   159 |    10 |       |       |       |       |       |       ||   186
       Dagger            |       |       |   190 |   133 |       |       |       |       |       ||   323
       Trident           |       |       |       |   111 |       |       |       |       |       ||   111
       Staff             |       |       |       |    90 |   158 |   657 |   343 |   197 |    69 ||  1514
       Scimitar          |       |       |       |       |    83 |    45 |     8 |       |     4 ||   140
Throw: Stone             |       |     3 |     7 |     3 |     3 |     2 |       |       |       ||    18
 Cast: Flame Tongue      |    32 |    89 |   134 |   164 |   148 |   140 |     9 |       |       ||   716
       Throw Flame       |     9 |    27 |    50 |    91 |    12 |       |       |       |       ||   189
       Conjure Flame     |       |     3 |     4 |     8 |     8 |     1 |       |       |       ||    24
       Sticky Flame      |       |       |    16 |    78 |    23 |    28 |     2 |       |       ||   147
       Fireball          |       |       |       |    49 |   286 |   199 |   169 |   153 |   157 ||  1013
       Bolt of Magma     |       |       |       |       |    52 |    70 |   239 |   128 |   112 ||   601
       Iskenderun's Myst |       |       |       |       |    15 |       |       |       |       ||    15
       Iron Shot         |       |       |       |       |    34 |   231 |   174 |   341 |   449 ||  1229
       Orb of Destructio |       |       |       |       |       |    17 |     1 |       |       ||    18
       Lehudib's Crystal |       |       |       |       |       |       |    14 |     5 |   112 ||   131
       Shatter           |       |       |       |       |       |       |       |     2 |    55 ||    57
 Abil: Fly               |       |       |       |       |     1 |     1 |       |     1 |       ||     3
       Stop Flying       |       |       |       |       |       |       |     1 |       |       ||     1
Evoke: Wand              |       |       |       |     1 |     2 |     6 |     5 |     1 |    11 ||    26
       Lamp of fire      |       |       |       |     1 |       |       |     1 |       |       ||     2
       Staff of energy   |       |       |       |       |       |    12 |    26 |    35 |    70 ||   143
       Sack of spiders   |       |       |       |       |       |       |     1 |       |     2 ||     3
       Rod               |       |       |       |       |       |       |       |       |     4 ||     4
       Phial of floods   |       |       |       |       |       |       |       |       |     1 ||     1
  Use: Scroll            |       |     3 |    10 |    14 |    10 |    10 |    14 |    15 |    25 ||   101
       Potion            |       |       |       |       |     3 |     5 |       |       |     2 ||    10
 Stab: Sleeping          |       |     1 |       |     1 |     1 |       |     5 |       |       ||     8
       Invisible         |       |       |       |       |     1 |       |       |       |       ||     1
       Distracted        |       |       |       |       |       |     1 |       |       |       ||     1
  Eat: Chunk             |     2 |     9 |    17 |    62 |   119 |    60 |    35 |    41 |    37 ||   382
       Bread ration      |       |     1 |       |       |       |     1 |     1 |     3 |     7 ||    13
       Fruit             |       |       |       |       |       |    11 |       |       |     4 ||    15
       Royal jelly       |       |       |       |       |       |     2 |       |     1 |     2 ||     5
       Beef jerky        |       |       |       |       |       |     1 |       |       |     2 ||     3
       Pizza             |       |       |       |       |       |     6 |       |       |     3 ||     9
       Meat ration       |       |       |       |       |       |       |       |       |     3 ||     3
